 Dungeon Crawl Stone Soup version 0.24.0-1-gfbc8707122 (webtiles) character file.

Game seed: 4514985903408220528, levelgen mode: deterministic

35 Arum the Slasher (level 3, -1/31 HPs)
             Began as a Minotaur Gladiator on Oct 28, 2019.
             Slain by a goblin
             ... wielding a +0 dagger
              (2 damage)
             ... on level 2 of the Dungeon.
             The game lasted 00:01:02 (1113 turns).

Arum the Slasher (Minotaur Gladiator)               Turns: 1113, Time: 00:01:03

Health: -1/31      AC:  4    Str: 19    XL:     3   Next: 17%
Magic:  2/2        EV: 13    Int:  5    God:
Gold:   46         SH:  0    Dex: 11    Spells: 2/2 levels left

rFire    . . .     SeeInvis .   a - +0 long sword
rCold    . . .     Gourm    .   (no shield)
rNeg     . . .     Faith    .   b - +0 leather armour
rPois    .         Spirit   .   c - +0 hat
rElec    .         Reflect  .   k - +0 cloak
rCorr    .         Harm     .   (no gloves)
MR       .....                  (no boots)
Stlth    +.........             (no amulet)
HPRegen  0.10/turn              (no ring)
MPRegen  0.08/turn              (no ring)

@: no status effects
A: retaliatory headbutt, horns 2
a: no special abilities


You were on level 2 of the Dungeon.
You were not hungry.

You visited 1 branch of the dungeon, and saw 2 of its levels.

You collected 46 gold pieces.

Inventory:

Hand Weapons
 a - a +0 long sword (weapon)
Missiles
 d - 3 throwing nets (quivered)
Armour
 b - a +0 leather armour (worn)
 c - a +0 hat (worn)
 k - a +0 cloak (worn)
Scrolls
 h - 3 scrolls of identify {unknown}
 j - a scroll of noise {unknown}
 l - a scroll of fear {unknown}
Potions
 e - a potion of magic {unknown}
 g - a potion of lignification {unknown}
 i - a potion of curing {unknown}
 m - a potion of heal wounds {unknown}
Comestibles
 f - 2 rations


   Skills:
 + Level 3.2 Fighting
 + Level 4.2 Long Blades
 - Level 2.0 Throwing
 + Level 3.8 Dodging


You had 2 spell levels left.
You didn't know any spells.
Your spell library was empty.

Dungeon Overview and Level Annotations

Branches:
Dungeon (2/15)

Altars:


Innate Abilities, Weirdness & Mutations

You reflexively headbutt those who attack you in melee.
You have a pair of horns on your head.


Message History

* * * LOW HITPOINT WARNING * * *
Found a whip.
You see here a sling bullet.
The goblin shoots a sling bullet.
The sling bullet barely misses you.
You see here a sling bullet.
The goblin shoots a sling bullet.
The sling bullet hits you!
* * * LOW HITPOINT WARNING * * *
You see here a sling bullet.
The goblin shoots a sling bullet.
The sling bullet closely misses you.
You see here a sling bullet.
You start resting.
The goblin is too close now for your liking.
The goblin unwields a +0 hunting sling.
The goblin wields a +0 dagger.
The goblin barely misses you.
You see here a sling bullet.
You closely miss the goblin. The goblin hits you with a +0 dagger.
* * * LOW HITPOINT WARNING * * *
You closely miss the goblin. Your headbutt misses the goblin.
The goblin hits you but does no damage. The goblin hits you with a +0 dagger.
You die...

#........##.#
#)###....##.# #
..# #.#.###.# .#
### #.#.#
#.###### ####. #
#.#.# #......#
##... .. #.#.#
######.# #... ..
....# #.# #..#
)# #.# #.(# ⌠.#
#@#####(.#...#
#.g....((≈#
########..≈≈≈≈≈≈
...≈≈≈≈≈≈
##.≈###≈≈≈ #.#g
≈≈ ..#.⌠ .
..#.l. ...###.


You could see a goblin.

Vanquished Creatures
  2 dart slugs
  2 giant cockroaches (D:1)
  A hobgoblin (D:2)
  5 jackals
  2 ball pythons (D:2)
  5 bats (D:1)
  3 frilled lizards
  5 goblins
  A kobold (D:1)
  3 rats (D:1)
29 creatures vanquished.

Notes
Turn   | Place    | Note
-------+----------+-------------------------------------------
     0 | D:1      | Arum the Minotaur Gladiator began the quest for the Orb.
     0 | D:1      | Reached XP level 1. HP: 18/18 MP: 0/0
   277 | D:1      | Reached XP level 2. HP: 6/25 MP: 1/1
   523 | D:1      | Reached skill level 4 in Long Blades
  1052 | D:2      | Reached XP level 3. HP: 23/31 MP: 2/2
  1112 | D:2      | HP: 1/31 [goblin/+0 dagger (2)]
  1113 | D:2      | Slain by a goblin

Levels and vault maps discovered:
D:1:      dpeg_arrival_another_circle, layout_basic
D:2:      cheibrodos_old_hovel, layout_loops_ring, fountainhead,
          kennysheep_generic_room_6, uniq_jessica

Skill      XL: |  1  2 |
---------------+-------+-----
Long Blades    | 4 |  4.2
Fighting       | 3 |  3.2
Throwing       | |  2.0
Dodging        | |  3.8

Action                   || total
-------------------------++-------
Melee: Long sword        ||    53
       Headbutt          ||     9
  Eat: Chunk             ||     1
Armor: Leather armour    ||    20
Dodge: Dodged            ||    48
       Rpst.: Long sword ||    14
